 Dungeon Crawl Stone Soup version 0.17.1-1-g73c8601 (webtiles) character file.

1635 DeXoteric the Zephyrmancer (level 8, -1/41 HPs)
             Began as a Tengu Air Elementalist on Dec 25, 2015.
             Was a Follower of Cheibriados.
             Slain by an orc warrior
             ... wielding a +0 short sword
              (13 damage)
             ... on level 6 of the Dungeon.
             The game lasted 00:22:58 (8815 turns).

DeXoteric the Zephyrmancer (Tengu Air Elementalist) Turns: 8815, Time: 00:22:58

Health: -1/41      AC:  5    Str: 13    XL:     8   Next: 98%
Magic:  3/15       EV: 12    Int: 20    God:    Cheibriados [*.....]
Gold:   378        SH:  0    Dex: 17    Spells: 3 memorised, 7 levels left

rFire  + + .     SeeInvis +       - Unarmed
rCold  . . .     Clarity  .     A - +1 leather armour {rF+}
rNeg   . . .     SustAt   .     (no shield)
rPois  .         Gourm    .     (helmet restricted)
rElec  .         Spirit   .     n - +0 cloak
rCorr  .         Warding  .     (no gloves)
rMut   .         Stasis   .     (boots unavailable)
MR     .....                    (no amulet)
Stlth  ++........               C - ring of protection from fire
                                s - ring of see invisible

@: repel missiles, very slow, not resistant to hostile enchantments, unstealthy
A: beak, talons 3, able to fly 1
a: Fly, Bend Time, Renounce Religion


You were on level 6 of the Dungeon.
You worshipped Cheibriados.
Cheibriados was aware of your devotion.
You were not hungry.

You visited 2 branches of the dungeon, and saw 7 of its levels.

You collected 378 gold pieces.

Inventory:

Armour
 n - a +0 cloak (worn)
 A - a +1 leather armour of fire resistance (worn)
Jewellery
 s - a ring of see invisible (left hand)
 C - a ring of protection from fire (right hand)
Scrolls
 d - a scroll of acquirement {unknown}
 e - 2 scrolls of enchant weapon {unknown}
 f - 2 scrolls of recharging {unknown}
 h - 4 scrolls of remove curse {unknown}
 i - a scroll of random uselessness {unknown}
 l - a scroll of immolation {unknown}
 o - a scroll of blinking {unknown}
 t - 2 scrolls of identify {unknown}
 u - 2 scrolls of amnesia {unknown}
 y - 2 scrolls of noise {unknown}
 B - a scroll of enchant armour {unknown}
Potions
 a - a potion of might {unknown}
 g - 3 potions of heal wounds {unknown}
 k - 5 potions of lignification {unknown}
 m - 3 potions of haste {unknown}
 p - 2 potions of agility {unknown}
 q - a potion of poison {unknown}
 r - a potion of brilliance {unknown}
 v - a potion of curing {unknown}
 w - a potion of mutation {unknown}
 x - a potion of invisibility
Books
 b - a book of Air

   Spells                             Type                      Level
   a - Shock                          Conjuration/Air              1
   b - Swiftness                      Charms/Air                   2
   c - Repel Missiles                 Charms/Air                   2
   d - Static Discharge               Conjuration/Air              3
   e - Lightning Bolt                 Conjuration/Air              5
Comestibles
 c - 3 bread rations
 j - 4 meat rations
 z - a chunk of flesh


   Skills:
 - Level 2.1 Dodging
 - Level 2.0 Stealth
 + Level 6.4 Unarmed Combat
 - Level 4.0 Spellcasting
 + Level 7.8 Conjurations
 + Level 8.7 Air Magic


You had 7 spell levels left.
You knew the following spells:

 Your Spells              Type           Power        Failure   Level  Hunger
a - Shock                 Conj/Air       ####         1%          1    None
b - Lightning Bolt        Conj/Air       #####.....   17%         5    ######.
R - Repel Missiles        Chrm/Air       ###...       6%          2    #......


Dungeon Overview and Level Annotations

Branches:
Dungeon (6/15)             Temple (1/1) D:4

Altars:
Ashenzari
Cheibriados
Dithmenos
Elyvilon
Fedhas
Gozag
Nemelex Xobeh
Okawaru
Qazlal
Ru
Sif Muna
Trog
Vehumet
Yredelemnul
Zin

Shops:
D:4 =   D:5 *   D:6 [


Innate Abilities, Weirdness & Mutations

You have a beak for a mouth.
You have claws for feet.
You can fly.


Message History

The zap hits the orc warrior.
You now have 5/15 mp.
Aim: an orc warrior, wielding a short sword and wearing a plate armour (heavily wounded)
The zap hits the orc warrior.
The orc warrior hits you with a short sword!!
* * * LOW HITPOINT WARNING * * *
You take 20 damage, and have 19/41 hp.
MASSIVE DAMAGE!!
You now have 4/15 mp.
Aim: an orc warrior, wielding a short sword and wearing a plate armour (severely wounded)
The zap misses the orc warrior.
The orc warrior hits you with a short sword.
* * * LOW HITPOINT WARNING * * *
You take 6 damage, and have 13/41 hp.
You now have 3/15 mp.
The zap hits the orc warrior.
The orc warrior hits you with a short sword.
* * * LOW HITPOINT WARNING * * *
You take 1 damage, and have 12/41 hp.
You closely miss the orc warrior. Your kick misses the orc warrior.
You peck the orc warrior, but do no damage.
The orc warrior hits you with a short sword!
You die...

.....................
..............######....
.)............# #....
..............# #....
..............######....
......................##
...).)......#########.#
......o.....#.... #.#
......∩Q.......# #.#
#..............# .#
'....#####'###.# .. #...
#... .# ### #.. #.### #
.# .. ... .. # ... #.
##. #. ..


You could see an orc warrior.

Vanquished Creatures
  Eustachio (D:3)
  Edmund (D:4)
  A sky beast (D:5)
  An eye of draining (D:6)
  Blork the orc (D:3)
  A giant frog (D:4)
  5 scorpions
  A crimson imp (D:5)
  2 iguanas
  A jelly (D:6)
  4 orc priests
  2 orc wizards
  8 worker ants
  A hound zombie (D:6)
  A worker ant zombie (D:5)
  13 adders
  9 gnolls
  3 worms (D:2)
  4 giant geckos
  10 orcs
  2 ball pythons
  8 giant cockroaches
  12 goblins
  13 hobgoblins
  4 jackals (D:3)
  10 bats
  8 giant newts
  3 jackal skeletons
  A jackal zombie (D:6)
  4 kobolds
  8 rats
143 creatures vanquished.

Notes
Turn   | Place    | Note
--------------------------------------------------------------
     0 | D:1      | DeXoteric the Tengu Air Elementalist began the quest for the Orb.
     0 | D:1      | Reached XP level 1. HP: 10/10 MP: 4/4
   440 | D:1      | Reached XP level 2. HP: 6/15 MP: 0/6
   630 | D:1      | Reached skill level 1 in Unarmed Combat
  1480 | D:1      | Reached XP level 3. HP: 19/19 MP: 4/7
  1836 | D:2      | Learned a level 2 spell: Repel Missiles
  2242 | D:2      | Reached XP level 4. HP: 10/24 MP: 0/8
  3236 | D:2      | Reached skill level 5 in Air Magic
  3620 | D:2      | Gained mutation: You can fly. [Tengu growth]
  3620 | D:2      | Reached XP level 5. HP: 28/28 MP: 7/10
  3710 | D:3      | Found a faded altar to an unknown god.
  4353 | D:3      | Found a shadowy altar of Dithmenos.
  4353 | D:3      | Found a radiant altar of Vehumet.
  4384 | D:3      | Reached XP level 6. HP: 29/32 MP: 1/11
  5020 | D:4      | Noticed Eustachio
  5172 | D:4      | Noticed Blork the orc
  5509 | D:3      | Killed Blork the orc
  5509 | D:3      | Reached skill level 6 in Air Magic
  5509 | D:3      | Reached XP level 7. HP: 13/36 MP: 5/13
  5764 | D:3      | Killed Eustachio
  5764 | D:3      | Reached skill level 5 in Conjurations
  5969 | D:4      | Found a staircase to the Ecumenical Temple.
  6001 | Temple   | Entered the Ecumenical Temple
  6061 | Temple   | Became a worshipper of Cheibriados the Contemplative
  6086 | D:4      | Learned a level 5 spell: Lightning Bolt
  6245 | D:4      | Noticed Edmund
  6261 | D:4      | Killed Edmund
  6310 | D:4      | Reached skill level 7 in Air Magic
  6310 | D:4      | Reached XP level 8. HP: 33/41 MP: 7/15
  6521 | D:4      | Reached skill level 5 in Unarmed Combat
  6701 | D:4      | Found Yssick's Jewellery Shoppe.
  6729 | D:4      | Reached * piety under Cheibriados
  7054 | D:4      | Found a shadowy altar of Dithmenos.
  7170 | D:5      | Entered Level 5 of the Dungeon
  7334 | D:5      | Reached skill level 8 in Air Magic
  7457 | D:5      | Found a sparkling altar of Nemelex Xobeh.
  7779 | D:5      | Found Emuudox's General Store.
  8596 | D:6      | Reached ** piety under Cheibriados
  8786 | D:6      | Found Ruwinuxi's Antique Armour Shoppe.
  8815 | D:6      | Slain by an orc warrior

Action                   |  1- 3 |  4- 6 |  7- 9 || total
-------------------------+-------+-------+-------++-------
Melee: Unarmed           |    33 |     4 |    32 ||    69
 Cast: Shock             |    80 |   149 |   164 ||   393
       Repel Missiles    |     1 |       |     1 ||     2
  Eat: Chunk             |     5 |    11 |     6 ||    22
